 Dungeon Crawl Stone Soup version 0.30.0-5-g1a98f26d00 (webtiles) character file.

Game seed: 1973010908309237727

32 monsoonserge the Magician (level 3, -1/25 HPs)
             Began as a Djinni Venom Mage on May 10, 2023.
             Slain by Jessica
             ... wielding a +0 dagger
              (3 damage)
             ... on level 2 of the Dungeon.
             The game lasted 00:08:38 (1025 turns).

monsoonserge the Magician (Djinni Venom Mage)       Turns: 1025, Time: 00:08:40

Health: -1/25      AC:  3    Str:  7    XL:     3   Next: 42%
Gold:   32         EV: 10    Int: 18    God:
                   SH:  3    Dex: 13

rFire   + + .        i - +0 flail
rCold   x . .        b - +0 buckler
rNeg    . . .        d - +0 leather armour
rPois   ∞            (no helmet)
rElec   .            (no cloak)
rCorr   .            (no gloves)
SInv    .            (boots unavailable)
Will    .....        (no amulet)
Stlth   ++           (no ring)
HPRegen 0.24/turn    (no ring)
MPRegen 0.00/turn

%: infuse magic (-2 HP)
@: flying, very slightly contaminated
A: sickness immunity, fire resistance 2, cold vulnerability 1, float, innate
caster, HP casting, extra vitality 1
a: no special abilities


You were on level 2 of the Dungeon.
You visited 1 branch of the dungeon, and saw 2 of its levels.

You collected 32 gold pieces.

Inventory:

Hand Weapons
 h - a +0 mace
 i - a +0 flail (weapon)
Missiles
 g - 9 stones (quivered)
Armour
 a - a +0 robe
 b - a +0 buckler (worn)
 d - a +0 leather armour (worn)
Scrolls
 c - 2 scrolls of teleportation {unknown}
 e - a scroll of noise {unknown}
 f - a scroll of amnesia {unknown}


   Skills:
 + Level 0.1 Fighting
 + Level 0.2 Maces & Flails
 * Level 0.9 Armour
 + Level 2.1 Dodging
 + Level 1.6 Stealth
 * Level 3.1 Spellcasting


You knew the following spells:

 Your Spells              Type           Power      Damage    Failure   Level
a - Sting                 Tmut/Pois      56%        1d5       11%         1
b - Poisonous Vapours     Pois/Air       28%        N/A       17%         2
c - Mephitic Cloud        Conj/Pois/Air  14%        N/A       32%         3
d - Olgreb's Toxic Radia  Pois           14%        N/A       73%         4
e - Magic Dart            Conj           56%        1d5       11%         1
Your spell library was empty.

Dungeon Overview and Level Annotations

Branches:
Dungeon (2/15)

Altars:

Annotations:
D:2 Jessica


Innate Abilities, Weirdness & Mutations

You are immune to sickness and miasma.
You are immune to poison.
Your flesh is very heat resistant. (rF++)
You are vulnerable to cold. (rC-)
You float through the air rather than walking.
You learn spells naturally, not from books.
Your magical power is your life essence.
You have superior vitality. (+4 MHP)


Message History

Jessica shouts!
You hear an angry hiss.
Jessica mumbles some strange words.
Jessica blinks!
Casting: Sting (safe; 11% risk of failure)
Confirm with . or Enter, or press ? or * to list all spells.
Aiming: Sting (safe; 11% risk of failure)
Press: ? - help, Shift-Dir - straight line, f - Jessica
Aim: Jessica, wielding a +0 dagger and wearing a +0 robe (71% to hit)
The sting hits Jessica.
Jessica is poisoned.
Jessica is moderately wounded.
Found a cyan potion.
Jessica attacks as you move away! Jessica hits you with a +0 dagger.
Casting: Sting (safe; 11% risk of failure)
Confirm with . or Enter, or press ? or * to list all spells.
Okay, then.
Okay, then.
You aren't carrying any potions.
Casting: Sting (safe; 11% risk of failure)
Confirm with . or Enter, or press ? or * to list all spells.
Okay, then.
Casting: Sting (safe; 11% risk of failure)
Confirm with . or Enter, or press ? or * to list all spells.
Aiming: Sting (safe; 11% risk of failure)
Press: ? - help, Shift-Dir - straight line, f/p - Jessica
Aim: Jessica, wielding a +0 dagger and wearing a +0 robe (severely wounded, poisoned, 71% to hit)
You miscast Sting.
You are very lightly contaminated with residual magic.
Nothing appears to happen.
The worm bites you!
* * * LOW HITPOINT WARNING * * *
Jessica misses you.
Casting: Sting (safe; 11% risk of failure)
Confirm with . or Enter, or press ? or * to list all spells.
Aiming: Sting (safe; 11% risk of failure)
Press: ? - help, Shift-Dir - straight line, f - goblin, p - Jessica
Aim: a goblin, wielding a +0 club (64% to hit)
The sting hits the goblin.
The goblin is poisoned.
The goblin is almost dead.
* * * LOW HITPOINT WARNING * * *
The worm looks more healthy.
Jessica hits you with a +0 dagger.
You die...

#.......#
.......#......$#
.....! #.......#
...... #.......#
##...####....### .
##..........#.#
...#.....)..#..#.#
.......†g.....##.#
#.@w...####.#
#.@....# #g#
#......# #.#
#...?..# #..
#........#
...#......#
#..........
#...........
#...........#


You could see a worm, Jessica (poisoned) and a goblin (poisoned).

Vanquished Creatures
  2 dart slugs (D:1)
  4 endoplasms (D:1)
  A giant cockroach (D:1)
  4 goblins (D:1)
  A hobgoblin (D:1)
  4 kobolds (D:1)
  3 quokkas (D:1)
  A ball python (D:1)
  3 bats (D:1)
  A frilled lizard (D:1)
  3 rats
27 creatures vanquished.

Notes
Turn   | Place    | Note
-------+----------+-------------------------------------------
     0 | D:1      | monsoonserge the Djinni Venom Mage began the quest for the
                  | Orb.
     0 | D:1      | monsoonserge set off with the following spells memorised:
                  | Sting, Poisonous Vapours, Mephitic Cloud, Olgreb's Toxic
                  | Radiance.
     0 | D:1      | Reached XP level 1. HP: 15/15 MP: 0/0
   210 | D:1      | Reached XP level 2. HP: 19/21 MP: 0/0
   513 | D:1      | Reached skill level 3 in Spellcasting
   513 | D:1      | Reached XP level 3. HP: 8/25 MP: 0/0
   513 | D:1      | Learned a level 1 spell: Magic Dart
  1018 | D:2      | Noticed Jessica
  1025 | D:2      | Slain by Jessica

Illustrated notes

Levels and vault maps discovered:
D:1:      co_arrival_square_in_a_square_in_a_square, layout_basic
D:2:      layout_rooms, basic_altar, uniq_natasha, uniq_jessica, uniq_sigmund

Skill      XL: |  1  2 |
---------------+-------+-----
Spellcasting   | 3 |  3.1
Fighting       | |  0.1
Maces & Flails | |  0.2
Armour         | |  0.9
Dodging        | |  2.1
Stealth        | |  1.6

Action                     || total
---------------------------++-------
  Melee: Club              ||    15
         Mace              ||    18
         Flail             ||     4
  Throw: Stone             ||     1
   Cast: Sting             ||    35
         Magic Dart        ||     9
         Poisonous Vapours ||     1
 Armour: Leather armour    ||    12
  Dodge: Dodged            ||    30
  Block: Buckler           ||     9
